 Dungeon Crawl Stone Soup version 0.23-a0-338-g8ff0b24 (webtiles) character file.

88 rabbit the Covered (level 4, -7/29 HPs)
             Began as a Gargoyle Fighter on Oct 18, 2018.
             Killed by divine providence
             ... invoked by an orc priest
              (15 damage)
             ... on level 3 of the Dungeon.
             The game lasted 00:03:55 (1809 turns).

rabbit the Covered (Gargoyle Fighter)               Turns: 1809, Time: 00:03:56

Health: -7/29      AC: 10    Str: 21    XL:     4   Next: 53%
Magic:  4/4        EV:  7    Int:  8    God:
Gold:   73         SH:  9    Dex:  9    Spells: 3/3 levels left

rFire    . . .     SeeInvis .   e - +0 whip
rCold    . . .     Gourm    .   c - +0 shield
rNeg     + . .     Faith    .   b - +0 scale mail
rPois    ∞         Spirit   .   (no helmet)
rElec    +         Reflect  .   (no cloak)
rCorr    .         Harm     .   (no gloves)
MR       .....                  (no boots)
Stlth    ..........             (no amulet)
HPRegen  0.09/turn              (no ring)
MPRegen  0.09/turn              (no ring)

@: no status effects
A: negative energy resistance 1, electricity resistance, unbreathing,
petrification resistance, rot immunity, AC +3
a: no special abilities


You were on level 3 of the Dungeon.
You were not hungry.

You visited 1 branch of the dungeon, and saw 3 of its levels.

You collected 73 gold pieces.

Inventory:

Hand Weapons
 a - a +0 flail
 e - a +0 whip (weapon)
Missiles
 i - 57 stones (quivered)
Armour
 b - a +0 scale mail (worn)
 c - a +0 shield (worn)
Scrolls
 g - 3 scrolls of teleportation {unknown}
 h - 3 scrolls of remove curse {unknown}
 j - a scroll of immolation {unknown}
 n - a scroll of identify {unknown}
 o - a scroll of magic mapping {unknown}
 q - a scroll of amnesia {unknown}
Potions
 d - 2 potions of might
 k - a potion of brilliance {unknown}
 l - a potion of lignification {unknown}
 m - a potion of degeneration {unknown}
 p - a potion of invisibility {unknown}
Comestibles
 f - 4 rations


   Skills:
 + Level 3.9 Fighting
 * Level 3.2 Maces & Flails
 + Level 4.0 Armour
 + Level 3.8 Shields


You had 3 spell levels left.
You didn't know any spells.
Your spell library was empty.

Dungeon Overview and Level Annotations

Branches:
Dungeon (3/15)

Altars:
Ashenzari
Nemelex Xobeh


Innate Abilities, Weirdness & Mutations

You are resistant to torment.
Your stone body is resilient. (AC +3)
You are immune to poison.
You resist negative energy. (rN+)
You are resistant to electric shocks. (rElec)
You can survive without breathing.
You are immune to petrification.
You are immune to rotting.


Message History

You are too injured to fight recklessly!
You are too injured to fight recklessly!
You are too injured to fight recklessly!
You are too injured to fight recklessly!
You are too injured to fight recklessly!
You are too injured to fight recklessly!
You are too injured to fight recklessly!
You are too injured to fight recklessly!
You are too injured to fight recklessly!
You are too injured to fight recklessly!
You are too injured to fight recklessly!
You hit the orc priest.
The orc priest is almost dead.
The orc priest closely misses you. The orc hits you but does no damage.
You hit the orc priest but do no damage.
The orc priest is almost dead.
The orc priest mumbles some strange prayers to Beogh against you.
Beogh smites you!
Ouch! That really hurt!
You die...

#. #. #. ###.##
..... #..# #
#..########o$.#
#....(o@oogl..#
##<#########...
........#
..######. .# .#
.. .. %.#


You could see an orc priest, 3 orcs, a leopard gecko and a goblin.

Vanquished Creatures
  2 adders (D:2)
  An ooze (D:1)
  2 worms
  2 dart slugs (D:1)
  2 leopard geckos
  An orc (D:3)
  6 bats
  2 giant cockroaches
  7 goblins
  4 hobgoblins
  3 jackals (D:2)
  2 ball pythons (D:1)
  6 frilled lizards
  7 kobolds (D:1)
  7 rats
54 creatures vanquished.

Notes
Turn   | Place    | Note
-------+----------+-------------------------------------------
     0 | D:1      | rabbit the Gargoyle Fighter began the quest for the Orb.
     0 | D:1      | Reached XP level 1. HP: 14/14 MP: 1/1
   108 | D:1      | Reached XP level 2. HP: 19/19 MP: 2/2
   338 | D:1      | Reached XP level 3. HP: 23/23 MP: 3/3
  1156 | D:2      | Reached XP level 4. HP: 21/29 MP: 4/4
  1388 | D:2      | Found a shattered altar of Ashenzari.
  1519 | D:2      | Found a sparkling altar of Nemelex Xobeh.
  1772 | D:3      | Reached skill level 4 in Armour
  1809 | D:3      | Killed from afar by an orc priest

Vault maps used:
D:1:      dpeg_arrival_oval
D:2:      ashenzari_conservatory_becter, first_ration, grunt_decor_one_mirror,
          nemelex_spade_bored_becter
D:3:      marbit_many_paths, lemuel_crystal_altar, old_standard_altar,
          chequers_hall_statues_wall_a, uniq_terence, uniq_jessica

Skill      XL: |  1  2  3  4 |
---------------+-------------+-----
Maces & Flails | 3 |  3.2
Armour         | 4 |  4.0
Fighting       | |  3.9
Shields        | |  3.8

Action                   |  1- 3 |  4- 6 || total
-------------------------+-------+-------++-------
Melee: Whip              |   150 |   108 ||   258
       Flail             |     2 |       ||     2
  Eat: Chunk             |     1 |     2 ||     3
Armor: Scale mail        |    64 |    64 ||   128
Dodge: Dodged            |    36 |    42 ||    78
Block: Shield            |    74 |    57 ||   131

Table legend:
 A = Non-vault XP
 B = Vault XP
 C = Vault XP percentage of total XP
 D = Non-vault monster count
 E = Vault monster count
 F = Vault count percentage of total count
                 A         B        C        D         E       F
            +---------+---------+-------+---------+---------+-------
      Total |     126 |       0 |   0.0 |      54 |       0 |   0.0
            +---------+---------+-------+---------+---------+-------
        D:1 |      60 |       0 |   0.0 |      32 |       0 |   0.0
        D:2 |      61 |       0 |   0.0 |      20 |       0 |   0.0
        D:3 |       5 |       0 |   0.0 |       2 |       0 |   0.0
            +---------+---------+-------+---------+---------+-------
